 Dungeon Crawl Stone Soup version 0.26.0-7-g794d0892b4 (webtiles) character file.

Game seed: 18033825077820894983

46 Acheron the Skirmisher (level 3, 0/23 HPs)
             Began as a Tengu Abyssal Knight on Jan 11, 2021.
             Was a Follower of Lugonu.
             Succumbed to an adder's poison
             ... on level 2 of the Dungeon.
             The game lasted 00:03:20 (1063 turns).

Acheron the Skirmisher (Tengu Abyssal Knight)       Turns: 1063, Time: 00:03:21

Health: 0/23       AC:  5    Str: 13    XL:     3   Next: 66%
Magic:  5/5        EV: 10    Int: 12    God:    Lugonu [*.....]
Gold:   62         SH:  0    Dex: 13    Spells: 3/3 levels left

rFire    . . .     SeeInvis .   a - +1 hand axe
rCold    . . .     Faith    .   (no shield)
rNeg     . . .     Spirit   .   f - +0 ring mail (curse)
rPois    .         Reflect  .   (helmet restricted)
rElec    .         Harm     .   (no cloak)
rCorr    .         Rampage  .   (no gloves)
Will     .....                  (boots unavailable)
Stlth    +.........             (no amulet)
HPRegen  0.07/turn              (no ring)
MPRegen  0.09/turn              (no ring)

@: mighty, lethally poisoned (0 -> -2), attractive, hasted, invisible, very
quick
A: beak, talons 3
a: Renounce Religion, Depart the Abyss


You were on level 2 of the Dungeon.
You worshipped Lugonu.
Lugonu was aware of your devotion.
You visited 1 branch of the dungeon, and saw 2 of its levels.
You visited the Abyss 1 time.

You collected 62 gold pieces.

Inventory:

Hand Weapons
 a - a +1 hand axe (weapon)
Missiles
 g - 17 stones
Armour
 b - a +0 leather armour
 c - a +0 chain mail
 f - a cursed +0 ring mail (worn)
Scrolls
 d - 2 scrolls of magic mapping {unknown}
 e - 3 scrolls of identify {unknown}
 j - a scroll of remove curse {unknown}
 l - a scroll of teleportation {unknown}


   Skills:
 * Level 3.6 Fighting
 + Level 2.4 Axes
 * Level 2.5 Armour
 * Level 1.3 Dodging
 * Level 0.8 Stealth
 * Level 0.6 Spellcasting
 * Level 1.8 Invocations


You had 3 spell levels left.
You didn't know any spells.
Your spell library was empty.

Dungeon Overview and Level Annotations

Branches:
Dungeon (2/15)

Altars:


Innate Abilities, Weirdness & Mutations

You have a beak for a mouth.
You have claws for feet.


Message History

The kobold hits you with a +0 short sword.
* * * LOW HITPOINT WARNING * * *
The kobold hits you with a +0 short sword.
* * * LOW HITPOINT WARNING * * *
You hit the kobold but do no damage. Your kick misses the kobold.
The kobold hits you but does no damage.
You hit the kobold.
You kill the kobold!
Lugonu accepts your kill.
* * * LOW HITPOINT WARNING * * *
You feel sick.
There is a lethal amount of poison in your body!
It was a potion of might.
You feel very mighty all of a sudden.
It was a potion of attraction.
You feel attractive to monsters.
It was a potion of haste.
You feel yourself speed up.
It was a potion of invisibility.
You fade into invisibility!
You die...

#### #####
#...##...##
..........##
.(.........#
........[..#
>..........#
..........#
...#.)@<##
#.##.....#
#. ###.....#
####### #.
......
......# #
.....
......#
.....
......# ..!.
......# ..?#
......##


There were no monsters in sight!

Vanquished Creatures
  An adder (D:2)
  2 oozes (D:1)
  A worm (D:2)
  3 dart slugs (D:1)
  A leopard gecko (D:1)
  A giant cockroach (D:1)
  3 bats (D:1)
  A frilled lizard (D:1)
  3 goblins (D:1)
  5 kobolds
  A rat (D:1)
22 creatures vanquished.

Notes
Turn   | Place    | Note
-------+----------+-------------------------------------------
     0 | Abyss:1  | Acheron the Tengu Abyssal Knight began the quest for the
                  | Orb.
     0 | Abyss:1  | Reached XP level 1. HP: 14/14 MP: 3/3
    50 | Abyss:1  | Noticed a green very ugly thing
    63 | Abyss:1  | Noticed a profane servitor
    64 | Abyss:1  | Noticed a thrashing horror
    65 | Abyss:1  | Noticed a spatial maelstrom
    75 | Abyss:1  | Noticed a spatial vortex
    77 | Abyss:1  | Noticed a neqoxec
    78 | Abyss:1  | Noticed a quasit
    78 | D:1      | Escaped the Abyss
   260 | D:1      | Reached XP level 2. HP: 15/19 MP: 4/4
   523 | D:2      | Reached XP level 3. HP: 12/23 MP: 5/5
   738 | D:1      | Reached * piety under Lugonu
  1059 | D:2      | HP: 1/23 [poisoned by an adder]
  1063 | D:2      | Succumbed to an adder's poison

Illustrated notes

Levels and vault maps discovered:
D:1:      elethiomel_arrival_infinity_welcomes_careful_drivers, layout_basic
D:2:      layout_rooms, grunt_dithmenos_smoke, uniq_natasha

Action                   || total
-------------------------++-------
Melee: Hand axe          ||    51
       Kick              ||     9
       Peck              ||     3
Invok: Depart the Abyss  ||     1
  Use: Potion            ||     4
Armor: Ring mail         ||    14
Dodge: Dodged            ||    36
